 Dungeon Crawl Stone Soup version 0.22.0-81-g402daae900 (webtiles) character file.

7238 Grim the Basher (level 10, -9/120 HPs)
             Began as a Minotaur Berserker on Sept 16, 2018.
             Was an Elder of Trog.
             Mangled by a wraith (12 damage)
             ... on level 9 of the Dungeon.
             The game lasted 00:20:33 (10862 turns).

Grim the Basher (Minotaur Berserker)               Turns: 10862, Time: 00:20:33

Health: -9/120     AC:  4    Str: 26    XL:     10   Next: 88%
Magic:  9/9        EV: 10    Int: 11    God:    Trog [****..]
Gold:   535        SH:  3    Dex: 12    Spells: 9/9 levels left

rFire    . . .     SeeInvis .   a - +0 mace
rCold    . . .     Gourm    .   (no shield)
rNeg     . . .     Faith    .   w - +0 leather armour
rPois    +         Spirit   .   (helmet restricted)
rElec    .         Reflect  +   (no cloak)
rCorr    .         Harm     .   (no gloves)
MR       ++...                  A - +0 pair of boots
Stlth    ..........             f - +3 amulet of reflection
HPRegen  1.30/turn              u - ring of poison resistance
MPRegen  0.11/turn              e - -2 ring of evasion

@: brilliant, berserking, regenerating, slowed
A: retaliatory headbutt, horns 2, talons 1, mutation resistance 1
a: Berserk, Trog's Hand, Brothers in Arms, Renounce Religion


You were on level 9 of the Dungeon.
You worshipped Trog.
Trog was greatly pleased with you.
You were very hungry.

You visited 1 branch of the dungeon, and saw 9 of its levels.

You collected 535 gold pieces.

Inventory:

Hand Weapons
 a - a +0 mace (weapon)
 b - a +2 hunting sling of freezing
 x - a +0 fustibalus
Missiles
 y - 59 sling bullets
Armour
 w - a +0 leather armour (worn)
 A - a +0 pair of boots (worn)
Jewellery
 e - a -2 ring of evasion (right hand)
 f - a +3 amulet of reflection (around neck)
 u - a ring of poison resistance (left hand)
 v - an uncursed ring of fire
Wands
 n - a wand of polymorph (21)
 o - a wand of iceblast (16)
 E - a wand of flame (14)
Scrolls
 g - 2 scrolls of fog {unknown}
 h - 3 scrolls of immolation {unknown}
 i - 2 scrolls of random uselessness {unknown}
 m - a scroll of amnesia {unknown}
 p - 6 scrolls of remove curse
 z - a scroll of teleportation {unknown}
 B - a scroll of blinking {unknown}
 C - 3 scrolls of torment {unknown}
 F - a scroll of fear {unknown}
Potions
 d - 8 potions of curing
 j - a potion of berserk rage
 k - 2 potions of magic
 l - 3 potions of lignification
 q - a potion of heal wounds
 r - 2 potions of ambrosia
 s - 3 potions of flight
 t - 2 potions of invisibility
 D - a potion of haste
Comestibles
 c - 16 rations
 H - a chunk of flesh


   Skills:
 * Level 4.6 Fighting
 + Level 13.5 Maces & Flails
 - Level 12.8 Slings
 - Level 2.4 Armour
 - Level 2.1 Dodging


You had 9 spell levels left.
You didn't know any spells.
Your spell library was empty.

Dungeon Overview and Level Annotations

Branches:
Dungeon (9/15)             Temple (0/1) D:6
   Lair: D:8-11         Orc: D:9-12

Altars:
Ashenzari
Cheibriados
Gozag
Hepliaklqana
Kikubaaqudgha
Nemelex Xobeh
Okawaru
Qazlal
Sif Muna
Vehumet
Wu Jian
Xom
Zin

Shops:
D:5 *

Annotations:
D:9 tape's ghost, novice FoFi


Innate Abilities, Weirdness & Mutations

You reflexively headbutt those who attack you in melee.
You have a pair of horns on your head.
You have sharp toenails.
You are somewhat resistant to further mutation.


Message History

You feel the power of Trog in you as your rage grows.
You destroy the wraith!
Trog accepts your kill. The wraith hits you but does no damage.
The wraith hits you.
* * * LOW HITPOINT WARNING * * *
The wraith hits you.
* * * LOW HITPOINT WARNING * * *
The wraith drains your vigour!
You feel as though you will be slow longer.
You thump the wraith! You headbutt the wraith.
The wraith is severely damaged.
The wraith hits you.
* * * LOW HITPOINT WARNING * * *
Unknown command.
You barely miss the wraith.
The wraith is severely damaged.
You block the wraith's attack. The wraith hits you.
* * * LOW HITPOINT WARNING * * *
The wraith hits you!
You die...

#### #####... #....... #####
# # #.###.## ##########
#.#.#.#.###.# #.# .........#
#.#.....#...# #.##
########.### ##WW...$8#..##
#.#. #...# #.@WW..?.#..#
#.#.
#######'####..W...)8#..#
#.#.
####.............#.....#..#
#.#.
....)........###.#.#.#.#..#
#.#.
.............###############
#.#.
..........................>#
#.#.
.......###.######.###.######
#.#. .......# #.#<.....# #.#
#.#. .......# #.########
#.########.#.


You could see 4 wraiths and tape's ghost.

Vanquished Creatures
  A two-headed ogre (D:8)
  The ghost of IceCat the Fighter, a novice GnWn of Cheibriados (D:8)
  Pikel (D:8)
  A kobold demonologist (D:9)
  A freezing wraith (D:9)
  A hippogriff (D:9)
  A wraith (D:9)
  2 steam dragons
  Menkaure (D:6)
  A water moccasin (D:8)
  A slave (D:8)
  Duvessa (D:7)
  2 sky beasts
  A black bear (D:6)
  2 necrophages
  3 orc warriors
  2 phantoms
  4 ogres
  4 centaurs
  10 big kobolds
  5 bullfrogs
  A gnoll sergeant (D:9)
  Dowan (D:7)
  A scorpion (D:6)
  4 wights (D:9)
  A crimson imp (D:9)
  2 quasits
  A bullfrog skeleton (D:8)
  A centaur skeleton (D:6)
  A hound (D:9)
  2 orc priests
  6 orc wizards
  Jessica (D:3)
  5 iguanas
  Natasha (thrice) (D:3)
  9 worker ants
  2 hound zombies
  A howler monkey zombie (D:9)
  11 gnolls
  11 adders
  A howler monkey skeleton (D:3)
  2 shadow imps
  An ooze (D:1)
  2 adder zombies
  4 worms
  7 leopard geckos
  17 orcs
  A ball python (D:4)
  5 giant cockroaches
  9 goblins
  9 hobgoblins
  12 jackals
  22 kobolds
  3 quokkas
  8 bats
  4 frilled lizards
  A giant cockroach zombie (D:5)
  A leopard gecko skeleton (D:4)
  8 rats
227 creatures vanquished.

Vanquished Creatures (others)
  A slave (D:8)
  A sky beast (D:8)
  A shadow imp (D:8)
  8 fungi (D:7)
11 creatures vanquished.

Grand Total: 238 creatures vanquished

Notes
Turn   | Place    | Note
-------+----------+-------------------------------------------
     0 | D:1      | Grim the Minotaur Berserker began the quest for the Orb.
     0 | D:1      | Reached XP level 1. HP: 19/19 MP: 0/0
    73 | D:1      | Reached skill level 4 in Maces & Flails
    79 | D:1      | Reached XP level 2. HP: 26/26 MP: 1/1
   311 | D:1      | Reached skill level 5 in Maces & Flails
   426 | D:1      | Reached XP level 3. HP: 26/31 MP: 2/2
   481 | D:1      | Reached ** piety under Trog
  1194 | D:2      | Found a faded altar of an unknown god.
  1283 | D:2      | Reached skill level 6 in Maces & Flails
  1283 | D:2      | Reached XP level 4. HP: 39/39 MP: 3/3
  2227 | D:3      | Noticed Natasha
  2239 | D:3      | Killed Natasha
  2239 | D:3      | Reached skill level 7 in Maces & Flails
  2239 | D:3      | Reached XP level 5. HP: 10/45 MP: 4/4
  2338 | D:3      | Noticed Natasha
  2348 | D:3      | Killed Natasha
  2459 | D:3      | Noticed Natasha
  2579 | D:3      | Killed Natasha
  2579 | D:3      | Reached *** piety under Trog
  2662 | D:3      | Noticed Jessica
  2666 | D:3      | Killed Jessica
  2666 | D:3      | Reached skill level 8 in Maces & Flails
  2728 | D:3      | Reached XP level 6. HP: 43/51 MP: 5/5
  2853 | D:3      | Found an ancient bone altar of Kikubaaqudgha.
  3287 | D:4      | Found an opulent altar of Gozag.
  3552 | D:4      | Found a radiant altar of Vehumet.
  3553 | D:4      | Found a deep blue altar of Sif Muna.
  3673 | D:4      | Found an opulent altar of Gozag.
  4038 | D:4      | Reached skill level 9 in Maces & Flails
  4228 | D:4      | Found a hazy altar of Hepliaklqana.
  4372 | D:5      | Entered Level 5 of the Dungeon
  4705 | D:5      | Reached XP level 7. HP: 28/57 MP: 6/6
  4713 | D:5      | Reached skill level 1 in Slings
  5021 | D:5      | Found Estibbom's General Store.
  5667 | D:5      | Found an ornate altar of the Wu Jian Council.
  5668 | D:5      | Found a sparkling altar of Nemelex Xobeh.
  5669 | D:5      | Found a stormy altar of Qazlal.
  5669 | D:5      | Found a snail-covered altar of Cheibriados.
  5670 | D:5      | Found an iron altar of Okawaru.
  5672 | D:5      | Found a shattered altar of Ashenzari.
  6156 | D:6      | Reached skill level 10 in Maces & Flails
  6485 | D:6      | Noticed Menkaure
  6492 | D:6      | Reached skill level 5 in Slings
  6492 | D:6      | Reached XP level 8. HP: 64/64 MP: 7/7
  6500 | D:6      | Killed Menkaure
  6575 | D:6      | Gained mutation: You are somewhat resistant to further
                  | mutation. [potion of mutation]
  6576 | D:6      | Lost mutation: You are somewhat resistant to further
                  | mutation. [potion of mutation]
  6576 | D:6      | Gained mutation: You do not regenerate when monsters are
                  | visible. [potion of mutation]
  6576 | D:6      | Gained mutation: You are partially covered in molten
                  | scales. (AC +2) [potion of mutation]
  6576 | D:6      | Gained mutation: You evolve. [potion of mutation]
  6577 | D:6      | Lost mutation: You evolve. [potion of mutation]
  6577 | D:6      | Lost mutation: You do not regenerate when monsters are
                  | visible. [potion of mutation]
  6577 | D:6      | Lost mutation: You are partially covered in molten scales.
                  | (AC +2) [potion of mutation]
  6577 | D:6      | Gained mutation: You are somewhat resistant to further
                  | mutation. [potion of mutation]
  6577 | D:6      | Gained mutation: You have sharp toenails. [potion of
                  | mutation]
  6717 | D:6      | Found a staircase to the Ecumenical Temple.
  6732 | D:6      | Reached **** piety under Trog
  7429 | D:7      | Noticed Duvessa
  7432 | D:7      | Noticed Dowan
  7446 | D:7      | Killed Duvessa
  7446 | D:7      | Reached skill level 11 in Maces & Flails
  7454 | D:7      | Killed Dowan
  7510 | D:7      | Reached XP level 9. HP: 56/70 MP: 8/8
  8877 | D:8      | Noticed Pikel
  8885 | D:8      | Killed Pikel
  8885 | D:8      | Reached skill level 12 in Maces & Flails
  8885 | D:8      | Reached skill level 10 in Slings
  8946 | D:8      | Found a runed door.
  8946 | D:8      | Noticed IceCat's ghost (novice GnWn)
  9321 | D:8      | Killed IceCat's ghost
  9321 | D:8      | Reached XP level 10. HP: 77/77 MP: 9/9
  9598 | D:8      | Noticed a two-headed ogre
  9609 | D:8      | Killed a two-headed ogre
  9926 | D:9      | Found a runed gate.
  9926 | D:9      | Found a runed gate.
  9996 | D:9      | Reached ***** piety under Trog
  9996 | D:9      | Received a gift from Trog
 10038 | D:9      | Reached skill level 13 in Maces & Flails
 10240 | D:9      | Received a gift from Trog
 10660 | D:9      | Noticed an angel
 10661 | D:9      | Found a glowing silver altar of Zin.
 10661 | D:9      | Found a shimmering altar of Xom.
 10821 | D:9      | Found a runed gate.
 10826 | D:9      | Noticed tape's ghost (novice FoFi)
 10862 | D:9      | HP: 3/120 [wraith (6)]
 10862 | D:9      | Mangled by a wraith

Skill      XL: |  1  2  3  4  5  6  7  8  9 10 |
---------------+-------------------------------+-----
Maces & Flails | 4 5 6 7 8 9 10 11 12 13 | 13.5
Slings         | 5 8 11 12 | 12.8
Fighting       | 4 |  4.6
Armour         | |  2.4
Dodging        | |  2.1

Action                   |  1- 3 |  4- 6 |  7- 9 | 10-12 || total
-------------------------+-------+-------+-------+-------++-------
Melee: Mace              |    82 |   132 |   177 |    81 ||   472
       Headbutt          |    11 |    17 |    37 |    14 ||    79
 Fire: Hunting sling     |       |     8 |   141 |   110 ||   259
       Fustibalus        |       |     4 |    25 |       ||    29
Invok: Berserk           |     1 |     5 |     6 |     5 ||    17
       Trog's Hand       |       |     1 |     4 |     2 ||     7
       Brothers in Arms  |       |       |       |     1 ||     1
  Use: Scroll            |       |       |    12 |       ||    12
       Potion            |       |       |     5 |     1 ||     6
 Stab: Sleeping          |     1 |       |       |       ||     1
  Eat: Chunk             |     1 |    16 |    10 |     1 ||    28
       Ration            |       |       |     4 |     2 ||     6
Armor: Animal skin       |    11 |     8 |       |       ||    19
       Leather armour    |       |     6 |    20 |    15 ||    41
Dodge: Dodged            |    59 |    75 |    81 |    30 ||   245
Block: Other             |       |    10 |    14 |    11 ||    35
       Reflection        |       |       |       |     1 ||     1
